 Dungeon Crawl Stone Soup version 0.29-a0-721-g7f417c9bbb (webtiles) character file.

Game seed: 16615774009776056167

147 Sabo the Chopper (level 5, -5/47 HPs)
             Began as a Hill Orc Fighter on June 27, 2022.
             Was a Follower of Beogh.
             Slain by a gnoll sergeant
             ... wielding a +0 spear
              (7 damage)
             ... on level 4 of the Dungeon.
             The game lasted 00:16:22 (4187 turns).

Sabo the Chopper (Hill Orc Fighter)                 Turns: 4187, Time: 00:16:23

Health: -5/47      AC:  8    Str: 21    XL:     5   Next: 29%
Magic:  5/5        EV:  9    Int:  8    God:    Beogh [*.....]
Gold:   164        SH:  4    Dex: 10    Spells: 4/4 levels left

rFire   . . .      SeeInvis .   a - +1 war axe
rCold   . . .      Faith    .   c - +0 buckler
rNeg    . . .      Spirit   .   b - +0 scale mail
rPois   .          Reflect  .   k - +0 helmet
rElec   .          Harm     .   (no cloak)
rCorr   .          Rampage  .   (no gloves)
Will    .....                   (no boots)
Stlth   ..........              (no amulet)
HPRegen 0.15/turn               (no ring)
MPRegen 0.09/turn               (no ring)

@: about to teleport
A: no striking features
a: Renounce Religion


You were on level 4 of the Dungeon.
You worshipped Beogh.
Beogh was aware of your devotion.
You visited 1 branch of the dungeon, and saw 4 of its levels.

You collected 164 gold pieces.

Inventory:

Hand Weapons
 a - a +1 war axe (weapon)
 d - a +0 short sword of draining
 e - a +2 antimagic dagger
Missiles
 l - 2 atropa-tipped darts (quivered)
Armour
 b - a +0 scale mail (worn)
 c - a +0 buckler (worn)
 k - a +0 helmet (worn)
Scrolls
 f - 2 scrolls of enchant weapon
 j - a scroll of fog
 m - a scroll of magic mapping
 n - a scroll of blinking
Potions
 g - a potion of brilliance {unknown}
 i - 2 potions of attraction {unknown}
 o - a potion of mutation {unknown}


   Skills:
 + Level 4.5 Fighting
 + Level 5.0 Axes
 + Level 3.8 Armour
 + Level 0.4 Dodging
 + Level 0.3 Stealth
 + Level 3.9 Shields


You had 4 spell levels left.
You didn't know any spells.
Your spell library contained the following spells:

 Spells                   Type           Power      Damage    Failure   Level
 Apportation              Tloc           0%         N/A       83%         1
 Freeze                   Ice            0%         1d3       83%         1
 Slow                     Hex            0%         N/A       83%         1
 Confusing Touch          Hex            0%         N/A       99%         3
 Frozen Ramparts          Ice            0%         1d2       99%         3
 Gell's Gravitas          Tloc           0%         N/A       99%         3
 Lesser Beckoning         Tloc           0%         N/A       99%         3
 Teleport Other           Tloc           0%         N/A       99%         3
 Tukima's Dance           Hex            0%         N/A       99%         3
 Vampiric Draining        Necr           0%         2d6       99%         3
 Hailstorm                Conj/Ice       0%         3d3       100%        4
 Passage of Golubria      Tloc           0%         N/A       100%        4
 Alistair's Intoxication  Tmut/Pois      0%         N/A       100%        5
 Yara's Violent Unravell  Hex/Tmut       0%         3d3       100%        5


Dungeon Overview and Level Annotations

Branches:
Dungeon (4/15)
 Temple: D:4-7

Altars:
Cheibriados
Beogh


Message History

You slash the gnoll!
You kill the gnoll!
Beogh accepts your kill. The gnoll closely misses you.
A gnoll comes into view. It is wielding a +0 spear.
The gnoll barely misses you.
You see here a +0 flail.
The gnoll attacks as you move away! The gnoll closely misses you.
The gnoll hits you but does no damage.
The gnoll sergeant hits you but does no damage.
You slash the gnoll!
The gnoll is almost dead.
The gnoll barely misses you. The gnoll hits you with a +0 flail!
The gnoll sergeant barely misses you.
The gnoll sergeant hits you from afar with a +0 spear.
The gnoll hits you from afar with a +0 halberd!
The gnoll hits you but does no damage.
You hit the gnoll.
You kill the gnoll!
Beogh accepts your kill.
The gnoll sergeant hits you from afar with a +0 spear.
The gnoll barely misses you.
Your Axes skill increases to level 5!
The gnoll closely misses you.
The gnoll sergeant hits you with a +0 spear.
* * * LOW HITPOINT WARNING * * *
The gnoll hits you with a +0 halberd.
* * * LOW HITPOINT WARNING * * *
Things that are here:
a +0 flail; a +0 flail
As you read the scroll of teleportation, it crumbles to dust.
You feel strangely unstable. You block the gnoll's attack.
The gnoll sergeant hits you but does no damage.
The gnoll hits you with a +0 halberd!
* * * LOW HITPOINT WARNING * * *
You hit the gnoll sergeant.
The gnoll sergeant is lightly wounded.
You barely miss the gnoll. The gnoll hits you but does no damage.
The gnoll sergeant hits you with a +0 spear!
You die...

.. .# ##+## ##.
##...# #.. ## ##.....
#.##.## ##......
#.#...####.......
#####g.......+......P
#...@gg...# #.....≈≈
#.###.#..## ##....♣≈
#.# #.#.########...≈♣
#.# #.........###...≈
#.###.....###.......#
#..............###..#
#########.####.###..#
#.# #.#..... #.#
#.#....#


You could see a gnoll sergeant and 2 gnolls.

Vanquished Creatures
  5 adders
  2 gnolls (D:4)
  4 worms (D:3)
  5 orcs (D:3)
  3 endoplasms
  2 goblins (D:1)
  11 hobgoblins
  8 jackals
  5 kobolds
  4 quokkas
  3 ball pythons
  5 bats
  2 frilled lizards
  6 rats
65 creatures vanquished.

Vanquished Creatures (others)
  6 plants (D:4)
6 creatures vanquished.

Grand Total: 71 creatures vanquished

Notes
Turn   | Place    | Note
-------+----------+-------------------------------------------
     0 | D:1      | Sabo the Hill Orc Fighter began the quest for the Orb.
     0 | D:1      | Reached XP level 1. HP: 19/19 MP: 1/1
    63 | D:1      | Reached XP level 2. HP: 6/27 MP: 2/2
   602 | D:1      | Reached skill level 3 in Axes
   615 | D:1      | Reached XP level 3. HP: 33/33 MP: 3/3
   615 | D:1      | Found a faded altar of an unknown god.
   632 | D:1      | Prayed at the altar of an unknown god.
   632 | D:1      | Became a worshipper of Beogh the Brigand
   632 | D:1      | Reached * piety under Beogh
  2421 | D:3      | Reached XP level 4. HP: 33/40 MP: 4/4
  2535 | D:3      | Reached skill level 4 in Axes
  2745 | D:3      | Found a snail-covered altar of Cheibriados.
  3987 | D:4      | Reached XP level 5. HP: 46/46 MP: 5/5
  4185 | D:4      | Reached skill level 5 in Axes
  4186 | D:4      | HP: 2/47 [gnoll/+0 halberd[a gnoll sergeant] (9)]
  4187 | D:4      | Slain by a gnoll sergeant

Illustrated notes

Levels and vault maps discovered:
D:1:      dpeg_arrival_erosion, layout_basic, hellmonk_ecumenical_altar_lost_god
D:2:      layout_loops_cross, grunt_decor_resistance
D:3:      layout_loops_corners, slow_altar_2, nicolae_wormholes
D:4:      due_chaos_kobolds, layout_loops_corners,
          minmay_temple_entry_overgrown, serial_bayou_lake_a, uniq_eustachio

Skill      XL: |  1  2  3  4  5 |
---------------+----------------+-----
Fighting       | 4 |  4.5
Axes           | 3 4 5 |  5.0
Armour         | |  3.8
Dodging        | |  0.4
Stealth        | |  0.3
Shields        | |  3.9

Action                   |  1- 3 |  4- 6 || total
-------------------------+-------+-------++-------
Melee: War axe           |   131 |    76 ||   207
  Use: Scroll            |     4 |     2 ||     6
       Potion            |       |     1 ||     1
Armor: Scale mail        |    72 |    32 ||   104
Dodge: Dodged            |    85 |    33 ||   118
Block: Buckler           |    46 |    15 ||    61

Table legend: (Time is in decaauts)
 A = Elapsed time spent in this place.
 B = Non-inter-level travel time spent in this place.
 C = Inter-level travel time spent in this place.
 D = Time resting spent in this place.
 E = Time spent auto-exploring this place.
 F = Levels seen in this place.
 G = Mean time per level.
                   A        B        C        D        E       F      G
               +--------+--------+--------+--------+--------+-----+--------+
         Total |   4308 |   4308 |      0 |   1137 |      0 |   4 | 1077.0 |
       Dungeon |   4308 |   4308 |      0 |   1137 |      0 |   4 | 1077.0 |
               +--------+--------+--------+--------+--------+-----+--------+

Top non-repeatable levels by time:
     D:3: 1670 daAuts
     D:1: 1182 daAuts
     D:2: 1137 daAuts
     D:4: 319 daAuts
